 Dungeon Crawl Stone Soup version 0.26-a0-1147-g3780a7a11b (webtiles) character file.

Game seed: 18278068653499503789

47 CasualChangeling the Cutter (level 3, 0/31 HPs)
             Began as a Palentonga Wanderer on Dec 22, 2020.
             Succumbed to an adder's poison
             ... on level 2 of the Dungeon.
             The game lasted 00:04:10 (1287 turns).

CasualChangeling the Cutter (Palentonga Wanderer)   Turns: 1287, Time: 00:04:11

Health: 0/31       AC:  5    Str: 15    XL:     3   Next: 48%
Magic:  3/3        EV:  8    Int: 13    God:
Gold:   8          SH:  0    Dex:  9    Spells: 2/2 levels left

rFire    . . .     SeeInvis +   a - +2 short sword
rCold    . . .     Faith    .   (no shield)
rNeg     . . .     Spirit   .   e - +0 ring mail
rPois    .         Reflect  .   (no helmet)
rElec    .         Harm     .   (no cloak)
rCorr    .         Rampage  .   (no gloves)
Will     .....                  (no barding)
Stlth    +.........             (no amulet)
HPRegen  0.10/turn              (no ring)
MPRegen  0.08/turn              (no ring)

@: lethally poisoned (0 -> -2), hasted (expiring), very quick
A: large, rugged brown scales 3, see invisible, deformed body, roll 1, armoured
tail
a: Rolling Charge


You were on level 2 of the Dungeon.
You visited 1 branch of the dungeon, and saw 2 of its levels.

You collected 8 gold pieces.

Inventory:

Hand Weapons
 a - a +2 short sword (weapon)
Armour
 e - a +0 ring mail (worn)
Scrolls
 d - a scroll of remove curse {unknown}


   Skills:
 + Level 1.8 Fighting
 + Level 3.4 Short Blades
 - Level 1.0 Maces & Flails
 - Level 1.0 Throwing
 + Level 1.6 Armour
 + Level 1.5 Dodging
 - Level 1.2 Stealth


You had 2 spell levels left.
You didn't know any spells.
Your spell library was empty.

Dungeon Overview and Level Annotations

Branches:
Dungeon (2/15)

Altars:


Innate Abilities, Weirdness & Mutations

You are completely covered in rugged brown scales. (AC +3, +7% HP)
You have supernaturally acute eyesight. (SInv)
Armour fits poorly on your strangely shaped body.
You can roll at nearby foes to attack.
You have a long armoured tail.


Message History

You turn into a tree.
Your +0 ring mail melds into your body.
Your roots penetrate the ground.
You feel sick.
You start resting.
You feel sick.
You start resting.
You feel sick.
You start resting.
You feel sick. x5
Your transformation is almost over.
You start resting.
You feel sick. x4
You feel less wooden.
Your +0 ring mail unmelds from your body.
There is a lethal amount of poison in your body!
There is a lethal amount of poison in your body!
* * * LOW HITPOINT WARNING * * *
You feel sick.
* * * LOW HITPOINT WARNING * * *
You feel sick.
Your extra speed is starting to run out.
You die...

###### #..... #....#
#....############
#...............#
#............@<.#
#....................#
#...............####.#
#.#..†..........#
#.#.............# #
#.......>.....#
#.............#
####.########## ..#


There were no monsters in sight!

Vanquished Creatures
  An adder (D:2)
  A dart slug (D:1)
  A leopard gecko (D:1)
  3 bats (D:1)
  2 giant cockroaches (D:1)
  3 goblins (D:1)
  6 hobgoblins
  4 jackals (D:1)
  4 kobolds
  3 frilled lizards
  4 rats (D:1)
32 creatures vanquished.

Notes
Turn   | Place    | Note
-------+----------+-------------------------------------------
     0 | D:1      | CasualChangeling the Palentonga Wanderer began the quest
                  | for the Orb.
     0 | D:1      | CasualChangeling set off with the following items: a +2
                  | short sword, a +0 mace, a potion of lignification, a +0
                  | robe, a +0 dagger
     0 | D:1      | Reached XP level 1. HP: 17/17 MP: 1/1
   390 | D:1      | Reached XP level 2. HP: 24/24 MP: 2/2
   823 | D:1      | Reached XP level 3. HP: 29/31 MP: 3/3
  1276 | D:2      | HP: 1/31 [poisoned by an adder]
  1281 | D:2      | HP: 1/31 [poisoned by an adder]
  1287 | D:2      | Succumbed to an adder's poison

Illustrated notes

Levels and vault maps discovered:
D:1:      dpeg_arrival_three_same_balls, layout_loops_corners
D:2:      layout_basic, nicolae_dithmenos_through_a_glass_darkly

Action                   || total
-------------------------++-------
Melee: Short sword       ||    81
       Tailslap          ||     1
 Abil: Rolling Charge    ||    15
  Use: Potion            ||     2
Armor: Leather armour    ||     2
       Robe              ||     1
       Ring mail         ||    12
Dodge: Dodged            ||    21

Table legend: (Time is in decaauts)
 A = Elapsed time spent in this place.
 B = Non-inter-level travel time spent in this place.
 C = Inter-level travel time spent in this place.
 D = Time resting spent in this place.
 E = Time spent auto-exploring this place.
 F = Levels seen in this place.
 G = Mean time per level.
                   A        B        C        D        E       F      G
               +--------+--------+--------+--------+--------+-----+--------+
         Total |   1267 |   1225 |     42 |    192 |    521 |   2 |  633.5 |
       Dungeon |   1267 |   1225 |     42 |    192 |    521 |   2 |  633.5 |
               +--------+--------+--------+--------+--------+-----+--------+

Top non-repeatable levels by time:
     D:1: 1205 daAuts
     D:2: 62 daAuts
